BLB
DENVER BULLS @ PHOENIX ROADRUNNERS
09/29/2059
 
TOP OF THE 1ST
Denver Bulls batting - Pitching for Phoenix Roadrunners : RHP Chad Flanigan
Pitching: RHP Chad Flanigan
Batting: RHB Dalton Brown 0-0: Swinging Strike
0-1: Called Strike
0-2: Ball
1-2: Ball
2-2: Strikes out swinging
Batting: LHB Johnathan Wang 0-0: Ball
1-0: Foul Ball, location: 2F
1-1: Foul Ball, location: 2F
1-2: Ball
2-2: Fly out, F7 (Flyball, 78M, EV 88.8 MPH)
Batting: RHB Chasson Egan 0-0: Fly out, F7 (Flyball, 78M, EV 78.1 MPH)
Top of the 1st over - 0 runs, 0 hits, 0 errors, 0 left on base; Denver 0 - Phoenix 0
BOTTOM OF THE 1ST
Phoenix Roadrunners batting - Pitching for Denver Bulls : LHP Efren Deas
Pitching: LHP Efren Deas
Batting: RHB Rick Anderson 0-0: Called Strike
0-1: Fly out, F9 (Flyball, 9LS, EV 80.6 MPH)
Batting: RHB Reginald Botoman 0-0: Swinging Strike
0-1: Foul Ball, location: 2F
0-2: Foul Ball, location: 2F
0-2: Ball
1-2: Strikes out looking
Batting: LHB Rayshaun Stuart 0-0: Foul Ball, location: 2F
0-1: Swinging Strike
0-2: Ball
1-2: Ball
2-2: Foul Ball, location: 2F
2-2: SINGLE (Groundball, 34D, EV 98.1 MPH)
Batting: RHB Cody Barkley 0-0: Ball
1-0: Called Strike
1-1: Foul Ball, location: 2F
1-2: Fly out, F9 (Line Drive, 9, EV 93.8 MPH)
Bottom of the 1st over - 0 runs, 1 hit, 0 errors, 1 left on base; Denver 0 - Phoenix 0
TOP OF THE 2ND
Denver Bulls batting - Pitching for Phoenix Roadrunners : RHP Chad Flanigan
Batting: LHB Michael Hughes 0-0: Called Strike
0-1: Swinging Strike
0-2: Ball
1-2: Foul Ball, location: 2F
1-2: Strikes out looking
Batting: RHB Kelvin Knox 0-0: SINGLE (Groundball, 25, EV 67.5 MPH) (infield hit)
Batting: SHB T.J. Carter 0-0: Called Strike
0-1: Called Strike
Kelvin Knox is caught stealing 2nd base 2-6
0-2: Strikes out swinging
Top of the 2nd over - 0 runs, 1 hit, 0 errors, 0 left on base; Denver 0 - Phoenix 0
BOTTOM OF THE 2ND
Phoenix Roadrunners batting - Pitching for Denver Bulls : LHP Efren Deas
Batting: LHB Devon Cundiff 0-0: Ground out 4-3 (Groundball, 4, EV 83.1 MPH)
Batting: LHB Dwight Bell 0-0: Called Strike
0-1: Ball
1-1: SINGLE (Groundball, 4MS, EV 68.1 MPH) (infield hit)
Batting: RHB Tommy Simpson 0-0: Foul Ball, location: 2F
0-1: Foul Ball, location: 2F
0-2: Ball
1-2: Ball
2-2: Ball
3-2: Ground out 4-3 (Groundball, 34, EV 90.6 MPH)
Dwight Bell to second
Batting: RHB Cole Segal 0-0: Ball
1-0: Foul Ball, location: 2F
1-1: SINGLE (Groundball, P, EV 81.2 MPH) (infield hit)
Dwight Bell to third
Batting: RHB Harrison Jordan 0-0: Called Strike
0-1: Fly out, F8 (Flyball, 8RM, EV 80.6 MPH)
Bottom of the 2nd over - 0 runs, 2 hits, 0 errors, 2 left on base; Denver 0 - Phoenix 0
TOP OF THE 3RD
Denver Bulls batting - Pitching for Phoenix Roadrunners : RHP Chad Flanigan
Batting: RHB Liam Gill 0-0: Fly out, F8 (Flyball, 8LXD, EV 96.9 MPH)
Batting: RHB Bert Thoma 0-0: Ball
1-0: Foul Ball, location: 2F
1-1: Ball
2-1: Ball
3-1: Called Strike
3-2: Foul Ball, location: 2F
3-2: Strikes out swinging
Batting: SHB Sage Reinisch 0-0: Foul Ball, location: 2F
0-1: Foul Ball, location: 2F
0-2: Strikes out swinging
Top of the 3rd over - 0 runs, 0 hits, 0 errors, 0 left on base; Denver 0 - Phoenix 0
BOTTOM OF THE 3RD
Phoenix Roadrunners batting - Pitching for Denver Bulls : LHP Efren Deas
Batting: RHB Rick Anderson 0-0: Foul Ball, location: 2F
0-1: Swinging Strike
0-2: Ball
1-2: Ball
2-2: Strikes out looking
Batting: RHB Reginald Botoman 0-0: Ball
1-0: Ball
2-0: Ball
3-0: Base on Balls
Batting: LHB Rayshaun Stuart 0-0: Ball
1-0: Called Strike
Reginald Botoman steals 2nd base
1-1: Ball
2-1: Ball
3-1: Fly out, F5 (Popup, 56S, EV 75.6 MPH)
Batting: RHB Cody Barkley 0-0: Ball
1-0: SINGLE (Groundball, 34D, EV 93.8 MPH)
Reginald Botoman to third
Runner from 3rd tries for Home, SAFE, throw by RF to home
Cody Barkley to second
Batting: LHB Devon Cundiff 0-0: Foul Ball, location: 2F
0-1: Ball
1-1: 2-RUN HOME RUN (Flyball, 7LD, EV 93.1 MPH), Distance : 340 ft
Batting: LHB Dwight Bell 0-0: Ball
1-0: Called Strike
1-1: Ground out 4-3 (Groundball, 4M, EV 90.0 MPH)
Bottom of the 3rd over - 3 runs, 2 hits, 0 errors, 0 left on base; Denver 0 - Phoenix 3
TOP OF THE 4TH
Denver Bulls batting - Pitching for Phoenix Roadrunners : RHP Chad Flanigan
Batting: RHB Dalton Brown 0-0: Ball
1-0: Foul Ball, location: 2F
1-1: Swinging Strike
1-2: Strikes out swinging
Batting: LHB Johnathan Wang 0-0: Called Strike
0-1: Ball
1-1: Ball
2-1: Foul Ball, location: 2F
2-2: Strikes out looking
Batting: RHB Chasson Egan 0-0: Called Strike
0-1: Called Strike
0-2: Strikes out swinging
Top of the 4th over - 0 runs, 0 hits, 0 errors, 0 left on base; Denver 0 - Phoenix 3
BOTTOM OF THE 4TH
Phoenix Roadrunners batting - Pitching for Denver Bulls : LHP Efren Deas
Batting: RHB Tommy Simpson 0-0: Foul Ball, location: 2F
0-1: Ball
1-1: DOUBLE (Line Drive, 9LS, EV 88.8 MPH)
Batting: RHB Cole Segal 0-0: Called Strike
Tommy Simpson steals 3rd base
0-1: SINGLE (Groundball, 4MD, EV 108.1 MPH)
Tommy Simpson scores
Batting: RHB Harrison Jordan 0-0: Foul Ball, location: 2F
0-1: Ball
1-1: Called Strike
1-2: Strikes out looking
Batting: RHB Rick Anderson 0-0: Foul Ball, location: 2F
0-1: Called Strike
0-2: Strikes out swinging
Batting: RHB Reginald Botoman 0-0: Ball
1-0: Ball
2-0: Foul Ball, location: 2F
2-1: Foul Ball, location: 2F
2-2: Foul Ball, location: 2F
2-2: Foul Ball, location: 2F
2-2: Foul Ball, location: 2F
2-2: Fly out, F8 (Flyball, 8LM, EV 86.2 MPH)
Bottom of the 4th over - 1 run, 2 hits, 0 errors, 1 left on base; Denver 0 - Phoenix 4
TOP OF THE 5TH
Denver Bulls batting - Pitching for Phoenix Roadrunners : RHP Chad Flanigan
Batting: LHB Michael Hughes 0-0: Called Strike
0-1: Swinging Strike
0-2: Strikes out swinging
Batting: RHB Kelvin Knox 0-0: Swinging Strike
0-1: Ball
1-1: Called Strike
1-2: Fly out, F9 (Flyball, 9D, EV 75.6 MPH)
Batting: SHB T.J. Carter 0-0: Foul Ball, location: 2F
0-1: Swinging Strike
0-2: Ball
1-2: Ball
2-2: Hit by Pitch
Batting: RHB Liam Gill Pickoff Play to 1st, Runner tries for 2nd, OUT after rundown.
Top of the 5th over - 0 runs, 0 hits, 0 errors, 0 left on base; Denver 0 - Phoenix 4
BOTTOM OF THE 5TH
Phoenix Roadrunners batting - Pitching for Denver Bulls : LHP Efren Deas
Batting: LHB Rayshaun Stuart 0-0: Ball
1-0: Ground out 5-3 (Groundball, 5, EV 106.9 MPH)
Batting: RHB Cody Barkley 0-0: Called Strike
0-1: Foul Ball, location: 2F
0-2: Foul Ball, location: 2F
0-2: Foul Ball, location: 2F
0-2: Foul Ball, location: 2F
0-2: Fly out, F8 (Flyball, 8RM, EV 88.1 MPH)
Batting: LHB Devon Cundiff 0-0: Ball
1-0: DOUBLE (Line Drive, 78D, EV 102.5 MPH)
Batting: LHB Dwight Bell 0-0: Ball
1-0: Ball
2-0: Called Strike
2-1: Foul Ball, location: 2F
2-2: Foul Ball, location: 2F
2-2: SINGLE (Groundball, 13S, EV 72.5 MPH) (infield hit)
Devon Cundiff to third
Batting: RHB Tommy Simpson 0-0: Called Strike
0-1: Ball
1-1: Ball
2-1: Fly out, F9 (Flyball, 89XD, EV 108.1 MPH)
Bottom of the 5th over - 0 runs, 2 hits, 0 errors, 2 left on base; Denver 0 - Phoenix 4
TOP OF THE 6TH
Denver Bulls batting - Pitching for Phoenix Roadrunners : RHP Chad Flanigan
Batting: RHB Liam Gill 0-0: Ball
1-0: Swinging Strike
1-1: SOLO HOME RUN (Flyball, 7D, EV 93.1 MPH), Distance : 355 ft
Batting: RHB Bert Thoma 0-0: Ball
1-0: Foul Ball, location: 2F
1-1: Ball
2-1: Foul Ball, location: 2F
2-2: Strikes out looking
Batting: SHB Sage Reinisch 0-0: Foul Ball, location: 2F
0-1: Called Strike
0-2: Foul Ball, location: 2F
0-2: Ball
1-2: Ball
2-2: Foul Ball, location: 2F
2-2: Strikes out swinging
Batting: RHB Dalton Brown 0-0: Foul Ball, location: 2F
0-1: Foul Ball, location: 2F
0-2: Fly out, F7 (Line Drive, 78M, EV 108.8 MPH)
Top of the 6th over - 1 run, 1 hit, 0 errors, 0 left on base; Denver 1 - Phoenix 4
BOTTOM OF THE 6TH
Phoenix Roadrunners batting - Pitching for Denver Bulls : LHP Efren Deas
Pitching: RHP Webb Martinez
Batting: RHB Cole Segal 0-0: Ball
1-0: Ball
2-0: Called Strike
2-1: Ball
3-1: Swinging Strike
3-2: Strikes out swinging
Batting: RHB Harrison Jordan 0-0: Ball
1-0: Swinging Strike
1-1: Foul Ball, location: 2F
1-2: Foul Ball, location: 2F
1-2: Ball
2-2: Ball
3-2: Strikes out swinging, 2-3 out at first.
Batting: RHB Rick Anderson 0-0: Ball
1-0: Called Strike
1-1: Foul Ball, location: 2F
1-2: Foul Ball, location: 2F
1-2: Ground out 4-3 (Groundball, 4M, EV 90.0 MPH)
Bottom of the 6th over - 0 runs, 0 hits, 0 errors, 0 left on base; Denver 1 - Phoenix 4
TOP OF THE 7TH
Denver Bulls batting - Pitching for Phoenix Roadrunners : RHP Chad Flanigan
Batting: LHB Johnathan Wang 0-0: Foul Ball, location: 2F
0-1: Fly out, F7 (Flyball, 78M, EV 90.6 MPH)
Batting: RHB Chasson Egan 0-0: DOUBLE (Line Drive, 9LM, EV 103.8 MPH)
Batting: LHB Michael Hughes 0-0: Ball
1-0: Called Strike
1-1: Ball
2-1: Ball
3-1: Foul Ball, location: 2F
3-2: Fly out, F8 (Flyball, 8LD, EV 101.2 MPH)
Batting: RHB Kelvin Knox 0-0: Ball
1-0: Foul Ball, location: 2F
1-1: 2-RUN HOME RUN (Flyball, 78XD, EV 101.2 MPH), Distance : 395 ft
Batting: SHB T.J. Carter 0-0: Ball
1-0: Ground out 4-3 (Groundball, 34D, EV 103.1 MPH)
Top of the 7th over - 2 runs, 2 hits, 0 errors, 0 left on base; Denver 3 - Phoenix 4
BOTTOM OF THE 7TH
Phoenix Roadrunners batting - Pitching for Denver Bulls : RHP Webb Martinez
Batting: RHB Reginald Botoman 0-0: Called Strike
0-1: Foul Ball, location: 2F
0-2: Foul Ball, location: 2F
0-2: Foul Ball, location: 2F
0-2: Strikes out swinging
Batting: LHB Rayshaun Stuart 0-0: Foul Ball, location: 2F
0-1: Ball
1-1: Foul Ball, location: 2F
1-2: Foul Ball, location: 2F
1-2: Ground out 4-3 (Groundball, 4, EV 100.0 MPH)
Batting: RHB Cody Barkley 0-0: Ball
1-0: Foul Ball, location: 2F
1-1: Swinging Strike
1-2: Strikes out swinging, 2-3 out at first.
Bottom of the 7th over - 0 runs, 0 hits, 0 errors, 0 left on base; Denver 3 - Phoenix 4
TOP OF THE 8TH
Denver Bulls batting - Pitching for Phoenix Roadrunners : RHP Chad Flanigan
Now at 2B: Rick Anderson
Now at 3B: Scott McDonald
Now at SS: Harrison Jordan
Batting: RHB Liam Gill 0-0: Ball
1-0: Ball
2-0: DOUBLE (Line Drive, 9LD, EV 110.6 MPH)
Pitching: LHP Logan Schneider
Batting: RHB Bert Thoma 0-0: Called Strike
0-1: Ball
1-1: Ball
2-1: Foul Ball, location: 2F
2-2: Foul Ball, location: 2F
2-2: Foul Ball, location: 2F
2-2: Ground out 6-3 (Groundball, 6, EV 83.1 MPH)
Pinch Hitting: RHB Andy Reece 0-0: Called Strike
0-1: SINGLE (Flyball, 78S, EV 96.9 MPH)
Liam Gill to third
Runner from 3rd tries for Home, SAFE, throw by CF to home
Batting: RHB Dalton Brown 0-0: Called Strike
0-1: Swinging Strike
0-2: Strikes out swinging
Batting: LHB Johnathan Wang 0-0: Fly out, F7 (Flyball, 78M, EV 73.8 MPH)
Top of the 8th over - 1 run, 2 hits, 0 errors, 1 left on base; Denver 4 - Phoenix 4
BOTTOM OF THE 8TH
Phoenix Roadrunners batting - Pitching for Denver Bulls : RHP Webb Martinez
Now at SS: Mandela Faruq
Batting: LHB Devon Cundiff 0-0: Swinging Strike
0-1: Foul Ball, location: 2F
0-2: Ball
1-2: Foul Ball, location: 2F
1-2: Foul Ball, location: 2F
1-2: Ball
2-2: Ball
3-2: Strikes out looking
Batting: LHB Dwight Bell 0-0: Ball
1-0: Called Strike
1-1: Ball
2-1: Ball
3-1: Foul Ball, location: 2F
3-2: Foul Ball, location: 2F
3-2: Strikes out swinging
Batting: LHB Neil Wanat 0-0: Called Strike
0-1: Swinging Strike
0-2: Strikes out looking
Bottom of the 8th over - 0 runs, 0 hits, 0 errors, 0 left on base; Denver 4 - Phoenix 4
TOP OF THE 9TH
Denver Bulls batting - Pitching for Phoenix Roadrunners : LHP Logan Schneider
Pitching: LHP Gerold Lentz
Batting: RHB Chasson Egan 0-0: Called Strike
0-1: Ground out 4-3 (Groundball, 4M, EV 82.5 MPH)
Batting: LHB Michael Hughes 0-0: Called Strike
0-1: SINGLE (Groundball, 3D, EV 101.9 MPH)
Batting: RHB Kelvin Knox 0-0: Called Strike
Michael Hughes steals 2nd base
0-1: Foul Ball, location: 2F
0-2: Ball
1-2: Ground out 6-3 (Groundball, 4M, EV 106.9 MPH)
Michael Hughes to third
Batting: SHB T.J. Carter 0-0: Ball
1-0: Foul Ball, location: 2F
1-1: Foul Ball, location: 2F
1-2: Foul Ball, location: 2F
1-2: Foul Ball, location: 2F
1-2: Foul Ball, location: 2F
1-2: Strikes out swinging
Top of the 9th over - 0 runs, 1 hit, 0 errors, 1 left on base; Denver 4 - Phoenix 4
BOTTOM OF THE 9TH
Phoenix Roadrunners batting - Pitching for Denver Bulls : RHP Webb Martinez
Pinch Hitting: LHB Tavin Kang 0-0: Ground out 6-3 (Groundball, 56, EV 91.2 MPH)
Batting: RHB Harrison Jordan 0-0: Called Strike
0-1: Ball
1-1: Swinging Strike
1-2: SINGLE (Groundball, 4D, EV 105.0 MPH)
Batting: RHB Rick Anderson 0-0: Ball
Harrison Jordan steals 2nd base
1-0: Ball
2-0: Foul Ball, location: 2F
2-1: SINGLE (Groundball, 5S, EV 63.1 MPH) (infield hit)
Harrison Jordan to third
Batting: RHB Reginald Botoman 0-0: Ball
1-0: Called Strike
1-1: Foul Ball, location: 2F
1-2: Foul Ball, location: 2F
1-2: Foul Ball, location: 2F
1-2: Foul Ball, location: 2F
1-2: Foul Ball, location: 2F
1-2: Fly out, F8 (Flyball, 8LM, EV 91.2 MPH)
Runner from 3rd tags up, SCORES, throw by CF
Bottom of the 9th over - 1 run, 2 hits, 0 errors, 1 left on base; Denver 4 - Phoenix 5
Friday, April 5th , 2024 - OOTP Baseball 23.10 Build 110